AoeStats
← Draginovko

Arena

510191618Analyzed
1v1 RM · 3d ago on Sep 29, 2026· 48m 33s· 2 players
Game mode
Random Map
Map size
Tiny (2 player)
Population
200
Speed
Normal
Resources
Standard
Victory
Conquest
Starting age
Dark Age
Ending age
Imperial Age
RankedLock teamsTeams togetherTeam positionsShared explorationLock speedFull tech treeHidden civsTurbo modeCheats
Victory
Defeat
🇧🇪 Inca · Belgium
414
+19
🇬🇧 Persians · United Kingdom
471
-19
Draginovko
3:18 Loom
12:09 Feudal Age
17:50 Castle Age
18:00 Horse Collar
18:07 Double-Bit Axe
18:17 Gold Mining
18:23 Stone Mining
19:11 Heavy Plow
19:42 Bow Saw
30:19 Wheelbarrow
33:34 Imperial Age
31:45 Arson
32:01 Squires
31:23 Champi Runner
33:47 Masonry
33:34 Murder Holes
33:50 Fortified Wall
33:31 Guard Tower
34:02 Ballistics
33:37 Fletching
33:58 Forging
33:49 Scale Mail Armor
33:50 Padded Archer Armor
34:35 Hand Cart
35:07 Pikeman
35:08 Champi Warrior
37:07 Hoardings
36:54 Conscription
37:23 Elite Champi Warrior
37:42 Halberdier
38:57 Crop Rotation
39:04 Gold Shaft Mining
39:05 Stone Shaft Mining
39:11 Iron Casting
38:33 Bodkin Arrow
39:06 Chain Mail Armor
41:05 Blast Furnace
40:22 Leather Archer Armor
40:19 Elite Skirmisher
41:08 Thumb Ring
41:12 Elite Kamayuk
43:27 Fabric Shields
44:47 Plate Mail Armor
44:48 Ring Archer Armor
44:19 Bracer
richardholt1971
1:19 Loom
2:28 Loom
11:32 Feudal Age
12:42 Double-Bit Axe
12:55 Horse Collar
13:34 Arson
19:57 Scale Mail Armor
20:28 Padded Archer Armor
21:03 Fletching
21:50 Forging
24:49 Wheelbarrow
27:12 Castle Age
25:18 Stone Mining
25:32 Gold Mining
28:37 Iron Casting
28:17 Chain Mail Armor
28:41 Scale Barding Armor
28:52 Leather Archer Armor
29:31 Hand Cart
29:49 Heavy Plow
30:15 Bow Saw
30:25 Husbandry
30:20 Pikeman
31:01 Squires
30:48 Light Cavalry
32:01 Thumb Ring
31:50 Crossbowman
37:29 Imperial Age
38:48 Conscription
38:31 Kamandaran
38:42 Citadels
39:10 Bloodlines
40:05 Crop Rotation
40:53 Two-Man Saw
39:56 Hussar
40:48 Bodkin Arrow
41:40 Ring Archer Armor
41:51 Chain Barding Armor
41:59 Ballistics
41:54 Masonry
41:49 Murder Holes
43:14 Plate Mail Armor
44:01 Blast Furnace
44:14 Plate Barding Armor
45:06 Hoardings
44:11 Halberdier
46:16 Elite War Elephant
Connection lost

Rejoining the realm…

Still unreachable

The connection could not be restored.

Session expired

The server has moved on; the page needs a fresh start.